CBL
AUSTIN BATS @ MINNEAPOLIS MILLERS
06/21/2053
 
TOP OF THE 1ST
Austin Bats batting - Pitching for Minneapolis Millers : LHP Kire Rellim
Pitching: LHP Kire Rellim
Batting: LHB Wilbert Singleton 0-0: Foul Ball, location: 23F
0-1: Ball
1-1: SINGLE (Line Drive, 6D, EV 99.4 MPH)
Batting: RHB Ernesto Campos 0-0: Ball
Wild Pitch!
Wilbert Singleton to second
1-0: Foul Ball, location: 9LSF
1-1: Ball
2-1: Swinging Strike
2-2: Strikes out swinging
Batting: LHB Juan Acevedo 0-0: Called Strike
0-1: Ball
1-1: Ball
2-1: SINGLE (Groundball, 5D, EV 105.0 MPH)
Wilbert Singleton to third
Runner from 3rd tries for Home, SAFE, throw by LF to home
Batting: SHB Willie Mays Hayes 0-0: Called Strike
0-1: Foul Ball, location: 3FF
0-2: Ball
1-2: Fly out, F4 (Popup, 4S, EV 66.3 MPH)
Batting: RHB Sam Tette 0-0: Foul Ball, location: 2F
0-1: Ball
1-1: Foul Ball, location: 2F
1-2: Ball
2-2: Strikes out swinging
Top of the 1st over - 1 run, 2 hits, 0 errors, 1 left on base; Austin 1 - Minneapolis 0
BOTTOM OF THE 1ST
Minneapolis Millers batting - Pitching for Austin Bats : LHP Iván Álvarez
Pitching: LHP Iván Álvarez
Batting: SHB Dexter Morgan 0-0: Ball
1-0: Swinging Strike
1-1: Swinging Strike
1-2: Ball
2-2: Strikes out looking
Batting: RHB Wilson Pérez 0-0: Ball
1-0: Called Strike
1-1: Ball
2-1: Ball
3-1: SINGLE (Line Drive, 6D, EV 95.0 MPH)
Batting: RHB Danny Berry 0-0: Ball
1-0: Foul Ball, location: 2F
1-1: Foul Ball, location: 25F
1-2: Strikes out swinging
Batting: RHB Neritan Murati 0-0: Ball
1-0: Ball
2-0: Ball
3-0: Base on Balls
Wilson Pérez to second
Batting: RHB Jesús Alfaro 0-0: Ball
1-0: Foul Ball, location: 5FF
1-1: Ball
2-1: Ball
3-1: DOUBLE (Flyball, 8LXD, EV 97.5 MPH)
Wilson Pérez scores
Neritan Murati to third
Runner from 3rd tries for Home, SAFE, no throw by CF
Batting: RHB Daniel Peña 0-0: Ball
1-0: Ground out 5-3 (Groundball, 56S, EV 83.1 MPH)
Bottom of the 1st over - 2 runs, 2 hits, 0 errors, 1 left on base; Austin 1 - Minneapolis 2
TOP OF THE 2ND
Austin Bats batting - Pitching for Minneapolis Millers : LHP Kire Rellim
Batting: SHB Shawn Wahlin 0-0: Foul Ball, location: 2F
0-1: Fly out, F9 (Flyball, 9, EV 72.5 MPH)
Batting: RHB Luis Arguellez 0-0: Fly out, F7 (Line Drive, 7, EV 98.8 MPH)
Batting: LHB Dave Anfinson 0-0: Called Strike
0-1: Ground out 6-3 (Groundball, 6M, EV 84.4 MPH)
Top of the 2nd over - 0 runs, 0 hits, 0 errors, 0 left on base; Austin 1 - Minneapolis 2
BOTTOM OF THE 2ND
Minneapolis Millers batting - Pitching for Austin Bats : LHP Iván Álvarez
Batting: RHB Ernie Rydzewski 0-0: Called Strike
0-1: Swinging Strike
0-2: Strikes out looking
Batting: RHB Carel Ketteringham 0-0: Called Strike
0-1: Called Strike
0-2: Foul Ball, location: 2F
0-2: Ball
1-2: Ground out 6-3 (Groundball, 6, EV 105.6 MPH)
Batting: RHB Luis Vázquez 0-0: Ball
1-0: Swinging Strike
1-1: Foul Ball, location: 25F
1-2: Foul Ball, location: 7LDF
1-2: SINGLE (Groundball, 34S, EV 66.9 MPH) (infield hit)
Batting: SHB Dexter Morgan 0-0: Called Strike
0-1: Foul Ball, location: 23F
0-2: Fly out, F5 (Popup, 5F, EV 75.6 MPH)
Bottom of the 2nd over - 0 runs, 1 hit, 0 errors, 1 left on base; Austin 1 - Minneapolis 2
TOP OF THE 3RD
Austin Bats batting - Pitching for Minneapolis Millers : LHP Kire Rellim
Batting: RHB Enrico Montoya 0-0: Called Strike
0-1: Fly out, F8 (Line Drive, 8LS, EV 94.4 MPH)
Batting: LHB Wilbert Singleton 0-0: Ball
1-0: Ball
2-0: Foul Ball, location: 5F
2-1: Foul Ball, location: 2RF
2-2: Fly out, F5 (Popup, 56S, EV 84.4 MPH)
Batting: RHB Ernesto Campos 0-0: Ball
1-0: DOUBLE (Line Drive, 9LS, EV 98.8 MPH)
Batting: LHB Juan Acevedo 0-0: Ball
1-0: Ball
2-0: Called Strike
2-1: SINGLE (Line Drive, 56D, EV 106.9 MPH)
Ernesto Campos to third
Runner from 3rd tries for Home, SAFE, throw by LF to home
Batting: SHB Willie Mays Hayes 0-0: Called Strike
0-1: Ball
1-1: Foul Ball, location: 7LDF
1-2: Strikes out swinging
Top of the 3rd over - 1 run, 2 hits, 0 errors, 1 left on base; Austin 2 - Minneapolis 2
BOTTOM OF THE 3RD
Minneapolis Millers batting - Pitching for Austin Bats : LHP Iván Álvarez
Batting: RHB Wilson Pérez 0-0: Swinging Strike
0-1: Called Strike
0-2: Strikes out looking
Batting: RHB Danny Berry 0-0: Swinging Strike
0-1: Foul Ball, location: 3F
0-2: Strikes out swinging
Batting: RHB Neritan Murati 0-0: SOLO HOME RUN (Flyball, 89XD, EV 102.5 MPH), Distance : 413 ft
Batting: RHB Jesús Alfaro 0-0: Swinging Strike
0-1: Ball
1-1: SINGLE (Line Drive, 56, EV 95.6 MPH)
Batting: RHB Daniel Peña 0-0: Ball
1-0: Foul Ball, location: 2F
1-1: Fly out, F9 (Line Drive, 9, EV 110.0 MPH)
Bottom of the 3rd over - 1 run, 2 hits, 0 errors, 1 left on base; Austin 2 - Minneapolis 3
TOP OF THE 4TH
Austin Bats batting - Pitching for Minneapolis Millers : LHP Kire Rellim
Batting: RHB Sam Tette 0-0: Called Strike
0-1: Called Strike
0-2: Ground out U3 (Groundball, 13, EV 87.5 MPH)
Batting: SHB Shawn Wahlin 0-0: Ball
1-0: Foul Ball, location: 7LDF
1-1: Swinging Strike
1-2: Ball
2-2: Strikes out swinging, 2-3 out at first.
Batting: RHB Luis Arguellez 0-0: Called Strike
0-1: Ball
1-1: Swinging Strike
1-2: Strikes out swinging
Top of the 4th over - 0 runs, 0 hits, 0 errors, 0 left on base; Austin 2 - Minneapolis 3
BOTTOM OF THE 4TH
Minneapolis Millers batting - Pitching for Austin Bats : LHP Iván Álvarez
Batting: RHB Ernie Rydzewski 0-0: Called Strike
0-1: Swinging Strike
0-2: Ball
1-2: Fly out, F3 (Line Drive, 3L, EV 68.8 MPH)
Batting: RHB Carel Ketteringham 0-0: Called Strike
0-1: Fly out, F7 (Flyball, 7LS, EV 93.8 MPH)
Batting: RHB Luis Vázquez 0-0: Called Strike
0-1: Foul Ball, location: 3F
0-2: Strikes out swinging
Bottom of the 4th over - 0 runs, 0 hits, 0 errors, 0 left on base; Austin 2 - Minneapolis 3
TOP OF THE 5TH
Austin Bats batting - Pitching for Minneapolis Millers : LHP Kire Rellim
Batting: LHB Dave Anfinson 0-0: Ball
1-0: Foul Ball, location: 7LSF
1-1: Ball
2-1: Foul Ball, location: 7LDF
2-2: Strikes out swinging
Batting: RHB Enrico Montoya 0-0: Called Strike
0-1: Ball
1-1: SINGLE (Groundball, 6MD, EV 100.6 MPH)
Batting: LHB Wilbert Singleton 0-0: Ball
1-0: Fly out, F9 (Flyball, 89S, EV 93.1 MPH)
Batting: RHB Ernesto Campos 0-0: Ball
1-0: Fly out, F7 (Flyball, 78D, EV 104.4 MPH)
Top of the 5th over - 0 runs, 1 hit, 0 errors, 1 left on base; Austin 2 - Minneapolis 3
BOTTOM OF THE 5TH
Minneapolis Millers batting - Pitching for Austin Bats : LHP Iván Álvarez
Batting: SHB Dexter Morgan 0-0: Ball
1-0: Called Strike
1-1: Swinging Strike
1-2: DOUBLE (Flyball, 78D, EV 76.3 MPH)
Batting: RHB Wilson Pérez 0-0: Swinging Strike
0-1: Ball
1-1: Ball
2-1: Ground out 5-3 (Groundball, 5, EV 105.6 MPH)
Batting: RHB Danny Berry 0-0: Ball
1-0: Ball
2-0: 2-RUN HOME RUN (Flyball, 7LD, EV 95.0 MPH), Distance : 342 ft
Pitching: RHP Sidney Zantinge
Batting: RHB Neritan Murati 0-0: Swinging Strike
0-1: Ball
1-1: Ball
2-1: Foul Ball, location: 5DF
2-2: Strikes out swinging
Batting: RHB Jesús Alfaro 0-0: Ball
1-0: Ball
2-0: Ball
3-0: Base on Balls
Batting: RHB Daniel Peña 0-0: Ball
1-0: Ball
2-0: Fly out, F4 (Popup, 34D, EV 55.0 MPH)
Bottom of the 5th over - 2 runs, 2 hits, 0 errors, 1 left on base; Austin 2 - Minneapolis 5
TOP OF THE 6TH
Austin Bats batting - Pitching for Minneapolis Millers : LHP Kire Rellim
Batting: LHB Juan Acevedo 0-0: Called Strike
0-1: Ball
1-1: Swinging Strike
1-2: SINGLE (Groundball, 6MD, EV 103.1 MPH)
Batting: SHB Willie Mays Hayes 0-0: SINGLE (Groundball, 6MD, EV 108.8 MPH)
Juan Acevedo to second
Runner from 2nd tries for 3rd, SAFE, throw by CF made to third
Batting: RHB Sam Tette 0-0: Foul Ball, location: 9LMF
0-1: Ball
1-1: Foul Ball, location: 2F
1-2: Foul Ball, location: 3SF
1-2: Ball
2-2: Foul Ball, location: 2F
2-2: Foul Ball, location: 3F
2-2: Ball
3-2: DOUBLE (Line Drive, 78XD, EV 96.9 MPH)
Juan Acevedo scores
Willie Mays Hayes to third
Batting: SHB Shawn Wahlin 0-0: Called Strike
0-1: Foul Ball, location: 25FF
0-2: Foul Ball, location: 2F
0-2: Fly out, F7 (Flyball, 7, EV 80.6 MPH)
Runner from 3rd tags up, OUT at HOME! 7-2
Sam Tette to third
Batting: RHB Luis Arguellez 0-0: Called Strike
0-1: Called Strike
0-2: Ground out 6-3 (Groundball, 6D, EV 85.6 MPH)
Top of the 6th over - 1 run, 3 hits, 0 errors, 1 left on base; Austin 3 - Minneapolis 5
BOTTOM OF THE 6TH
Minneapolis Millers batting - Pitching for Austin Bats : RHP Sidney Zantinge
Batting: RHB Ernie Rydzewski 0-0: Swinging Strike
0-1: Swinging Strike
0-2: Ground out 5-3 (Groundball, 56, EV 90.0 MPH)
Batting: RHB Carel Ketteringham 0-0: Swinging Strike
0-1: Foul Ball, location: 2F
0-2: Strikes out swinging
Batting: RHB Luis Vázquez 0-0: Foul Ball, location: 2F
0-1: Ground out 6-3 (Groundball, 56, EV 84.4 MPH)
Bottom of the 6th over - 0 runs, 0 hits, 0 errors, 0 left on base; Austin 3 - Minneapolis 5
TOP OF THE 7TH
Austin Bats batting - Pitching for Minneapolis Millers : LHP Kire Rellim
Batting: LHB Dave Anfinson 0-0: Swinging Strike
0-1: Swinging Strike
0-2: Foul Ball, location: 2F
0-2: Strikes out swinging
Batting: RHB Enrico Montoya 0-0: Called Strike
0-1: Ball
1-1: Foul Ball, location: 5SF
1-2: Strikes out swinging
Batting: LHB Wilbert Singleton 0-0: Ball
1-0: Foul Ball, location: 2F
1-1: Foul Ball, location: 7LDF
1-2: Ball
2-2: Foul Ball, location: 2F
2-2: Ground out 6-3 (Groundball, 6MD, EV 99.4 MPH)
Top of the 7th over - 0 runs, 0 hits, 0 errors, 0 left on base; Austin 3 - Minneapolis 5
BOTTOM OF THE 7TH
Minneapolis Millers batting - Pitching for Austin Bats : RHP Sidney Zantinge
Batting: SHB Dexter Morgan 0-0: Called Strike
0-1: Ball
1-1: SOLO HOME RUN (Flyball, 78XD, EV 105.6 MPH), Distance : 416 ft
Batting: RHB Wilson Pérez 0-0: Foul Ball, location: 2F
0-1: Ball
1-1: Ball
2-1: Foul Ball, location: 3FF
2-2: Ground out 6-3 (Groundball, 6, EV 79.4 MPH)
Batting: RHB Danny Berry 0-0: Ball
1-0: Ball
2-0: Ball
3-0: Called Strike
3-1: Base on Balls
Batting: RHB Neritan Murati 0-0: Called Strike
0-1: Foul Ball, location: 9LMF
0-2: Ball
1-2: Ball
2-2: Foul Ball, location: 23F
2-2: Ball
3-2: Fly out, F7 (Line Drive, 78M, EV 91.9 MPH)
Pitching: RHP César Alvarado
Batting: RHB Jesús Alfaro 0-0: SINGLE (Groundball, 34S, EV 68.8 MPH) (infield hit)
Danny Berry to second
Batting: RHB Daniel Peña 0-0: Called Strike
0-1: Hit by Pitch
Danny Berry to third
Jesús Alfaro to second
Batting: RHB Ernie Rydzewski 0-0: Ball
1-0: Fly out, F8 (Flyball, 8LM, EV 75.6 MPH)
Bottom of the 7th over - 1 run, 2 hits, 0 errors, 3 left on base; Austin 3 - Minneapolis 6
TOP OF THE 8TH
Austin Bats batting - Pitching for Minneapolis Millers : LHP Kire Rellim
Pitching: RHP Chris Brade
Now in LF: Ernie Rydzewski
Now in RF: DeMario Leyva
Batting: RHB Ernesto Campos 0-0: SINGLE (Flyball, 8RS, EV 96.9 MPH)
Batting: LHB Juan Acevedo 0-0: Foul Ball, location: 2F
0-1: Ball
1-1: Ball
2-1: Swinging Strike
2-2: Foul Ball, location: 9LSF
2-2: Strikes out swinging
Batting: SHB Willie Mays Hayes 0-0: Ball
1-0: Swinging Strike
1-1: Fly out, F8 (Flyball, 8LD, EV 106.9 MPH)
Batting: RHB Sam Tette 0-0: Foul Ball, location: 2F
0-1: Ball
1-1: Ball
2-1: Ball
3-1: Called Strike
3-2: Strikes out swinging
Top of the 8th over - 0 runs, 1 hit, 0 errors, 1 left on base; Austin 3 - Minneapolis 6
BOTTOM OF THE 8TH
Minneapolis Millers batting - Pitching for Austin Bats : RHP César Alvarado
Batting: RHB Carel Ketteringham 0-0: Swinging Strike
0-1: Fly out, F8 (Flyball, 8RM, EV 84.4 MPH)
Batting: RHB Luis Vázquez 0-0: Called Strike
0-1: Ball
1-1: Ball
2-1: Ball
3-1: Foul Ball, location: 9LSF
3-2: SOLO HOME RUN (Flyball, 7D, EV 94.4 MPH), Distance : 363 ft
Batting: SHB Dexter Morgan 0-0: Fly out, F5 (Popup, 25F, EV 85.0 MPH)
Batting: RHB Wilson Pérez 0-0: Ball
1-0: Swinging Strike
1-1: Fly out, F9 (Flyball, 9, EV 93.1 MPH)
Bottom of the 8th over - 1 run, 1 hit, 0 errors, 0 left on base; Austin 3 - Minneapolis 7
TOP OF THE 9TH
Austin Bats batting - Pitching for Minneapolis Millers : RHP Chris Brade
Batting: SHB Shawn Wahlin 0-0: Swinging Strike
0-1: Fly out, F7 (Flyball, 7, EV 78.1 MPH)
Batting: RHB Luis Arguellez 0-0: SINGLE (Groundball, 56D, EV 103.1 MPH)
Batting: LHB Dave Anfinson 0-0: Ball
1-0: Ball
2-0: Swinging Strike
2-1: Ball
3-1: Base on Balls
Luis Arguellez to second
Batting: RHB Enrico Montoya 0-0: Ball
1-0: Grounds into double play, 3-6-1 (Groundball, 34, EV 110.0 MPH)
Top of the 9th over - 0 runs, 1 hit, 0 errors, 1 left on base; Austin 3 - Minneapolis 7
Thursday, March 14th , 2024 - OOTP Baseball 24.11 Build 85